 Dungeon Crawl Stone Soup version 0.20.1-1-g8b1a95d (webtiles) character file.

14916 Beowulf the Cleaver (level 11, -2/101 HPs)
             Began as a Minotaur Berserker on Nov 9, 2017.
             Was a High Priest of Trog.
             Slain by a five-headed hydra (7 damage)
             ... on level 11 of the Dungeon on Nov 10, 2017.
             The game lasted 01:11:22 (13991 turns).

Beowulf the Cleaver (Minotaur Berserker)           Turns: 13991, Time: 01:11:23

Health: -2/101     AC: 13    Str: 24    XL:     11   Next: 95%
Magic:  9/10       EV: 10    Int:  5    God:    Trog [*****.]
Gold:   763        SH: 12    Dex: 10    Spells: 10/10 levels left

rFire    . . .     SeeInvis .   X - +3 morningstar
rCold    . . .     Gourm    .   P - +2 shield
rNeg     . . .     Faith    .   f - +0 scale mail
rPois    +         Spirit   .   W - +1 hat {MR+}
rElec    .         Reflect  .   O - +0 cloak
rCorr    .         Harm     .   e - +0 pair of gloves
MR       +....                  (no boots)
Stlth    +.........             (no amulet)
Regen    0.3/turn               H - ring of poison resistance
MPRegen  0.2/turn               C - ring of stealth

@: no status effects
A: retaliatory headbutt, horns 2
a: Berserk, Trog's Hand, Brothers in Arms, Burn Spellbooks, Renounce Religion


You were on level 11 of the Dungeon.
You worshipped Trog.
Trog was extremely pleased with you.
You were not hungry.

You visited 2 branches of the dungeon, and saw 12 of its levels.
You also visited: Sewer.

You collected 763 gold pieces.

Inventory:

Hand Weapons
 a - a +0 war axe
 b - a +1 hunting sling
 j - a +2 dagger of protection
 s - a +0 spear
 t - a +0 blowgun
 x - a +4 antimagic battleaxe
 I - a +0 shortbow
 Q - a +0 hand axe of chopping
 X - a +3 morningstar (weapon)
 Z - a +0 broad axe
Missiles
 h - 252 stones
 i - 227 arrows
 l - 7 sling bullets
 n - 98 bolts
 u - 65 poisoned needles
 v - 10 tomahawks (quivered)
 L - 7 needles of paralysis
 M - 7 needles of confusion
Armour
 e - a +0 pair of gloves (worn)
 f - a +0 scale mail (worn)
 K - +0 acid dragon scales
 O - a +0 cloak (worn)
 P - a +2 shield (worn)
 U - a cursed +0 leather armour
 W - a +1 hat of magic resistance (worn)
Jewellery
 w - an uncursed ring of ice
 C - a ring of stealth (right hand)
 H - a ring of poison resistance (left hand)
 N - a +2 ring of protection
Wands
 o - a wand of digging (22/24)
 B - a wand of flame (11/48)
 G - a wand of lightning (4/15)
Scrolls
 m - 4 scrolls of remove curse
 r - 8 scrolls of identify
 y - 8 scrolls of teleportation
 A - a scroll of enchant weapon
 D - 3 scrolls of blinking
 E - 2 scrolls of recharging
 F - a scroll of fog
 R - a scroll of enchant armour
 V - 2 scrolls of magic mapping
Potions
 d - 3 potions of ambrosia
 g - a potion of flight
 k - 3 potions of haste
 p - 3 potions of agility
 q - a potion of might
 z - 3 potions of brilliance {unknown}
 T - a potion of curing
Miscellaneous
 S - a fan of gales
Comestibles
 c - 10 bread rations
 J - 22 chunks of flesh
 Y - a meat ration


   Skills:
 + Level 10.8 Fighting
 + Level 14.0 Axes
 + Level 6.5 Slings
 + Level 0.2(3.6) Throwing
 + Level 11.0 Armour
 + Level 5.7 Dodging
 + Level 2.2 Stealth
 * Level 4.8 Shields


You had 10 spell levels left.
You didn't know any spells.

Dungeon Overview and Level Annotations

Branches:
Dungeon (11/15)            Temple (1/1) D:4
   Lair: D:8-11         Orc: D:9-12

Altars:
Ashenzari
Cheibriados
Dithmenos
Elyvilon
Fedhas
Gozag
Hepliaklqana
Kikubaaqudgha
Makhleb
Nemelex Xobeh
Okawaru
Qazlal
Ru
Sif Muna
Trog
Uskayaw
Vehumet
Xom
Yredelemnul
Zin
The Shining One

Shops:
D:11 (


Innate Abilities, Weirdness & Mutations

You reflexively headbutt those who attack you in melee.
You have a pair of horns on your head.


Message History

Trog accepts your kill. The five-headed hydra bites you.
* * * LOW HITPOINT WARNING * * *
The five-headed hydra misses you. The five-headed hydra bites you!
* * * LOW HITPOINT WARNING * * *
The five-headed hydra bites you but does no damage.
The five-headed hydra barely misses you.
You hit the five-headed hydra. You headbutt the five-headed hydra.
The five-headed hydra is almost dead.
You block the five-headed hydra's attack.
The five-headed hydra bites you!
* * * LOW HITPOINT WARNING * * *
The five-headed hydra bites you but does no damage.
The five-headed hydra barely misses you.
The five-headed hydra bites you but does no damage.
You hit the five-headed hydra.
The five-headed hydra is almost dead.
The five-headed hydra barely misses you.
The five-headed hydra bites you!
You die...

#............#....#
#..........))'....#
#........##.)#....#
#........##[†#....#
#....##......#....#
###....##......#....#
#..............#....#
#..............#....#
#......@...##..#....#
#....!D....##..#....#
#>.....(....+..+....#
#...........#..# +.
#....?......#..#
#..#...........P.
#..⌠.⌠...........P
#...∩........PP...
#..⌠.⌠.....P..PP


You could see a five-headed hydra.

Vanquished Creatures
  Gastronok (D:8)
  5 two-headed ogres
  2 unseen horrors
  Maurice (D:11)
  The ghost of BlackAndWhite the Shield-Bearer, a novice HuFi of Gozag (D:5)
  A hippogriff (D:10)
  3 slime creatures (D:8)
  A shadow (D:10)
  A spriggan (D:9)
  5 yaks
  A hungry ghost (D:8)
  Eustachio (D:6)
  Menkaure (D:6)
  An acid dragon (D:11)
  3 porcupines (D:11)
  Duvessa (D:6)
  2 ice beasts
  2 orc warriors
  A sky beast (D:10)
  3 black bears
  A necrophage (D:8)
  6 centaurs
  3 ogres
  9 big kobolds
  10 bullfrogs
  Dowan (D:6)
  3 scorpions
  14 killer bees
  9 wights
  A howler monkey (D:9)
  5 crimson imps
  A centaur zombie (D:9)
  8 hounds
  11 jellies
  2 orc priests
  Crazy Yiuf (D:7)
  3 bullfrog skeletons
  3 iguanas
  7 orc wizards
  4 worker ants
  A killer bee zombie (D:7)
  Robin (D:4)
  4 gnolls (D:2)
  10 adders
  A howler monkey skeleton (D:11)
  2 river rats (D:5)
  3 shadow imps
  12 oozes
  6 adder skeletons
  7 worms
  2 dart slugs
  6 leopard geckos
  30 orcs
  5 bats
  2 giant cockroaches
  15 goblins
  10 hobgoblins
  13 jackals
  17 kobolds
  6 quokkas
  5 ball pythons
  4 frilled lizards
  A jackal skeleton (D:4)
  A quokka skeleton (D:9)
  7 rats
310 creatures vanquished.

Vanquished Creatures (others)
  23 fungi
  4 plants
  8 toadstools (D:8)
35 creatures vanquished.

Grand Total: 345 creatures vanquished

Notes
Turn   | Place    | Note
-------+----------+-------------------------------------------
     0 | D:1      | Beowulf the Minotaur Berserker began the quest for the Orb.
     0 | D:1      | Reached XP level 1. HP: 19/19 MP: 0/0
    71 | D:1      | Reached skill level 4 in Axes
    71 | D:1      | Reached XP level 2. HP: 27/27 MP: 1/1
   737 | D:2      | Reached XP level 3. HP: 25/33 MP: 2/2
  1099 | D:2      | Reached ** piety under Trog
  1377 | D:2      | Reached XP level 4. HP: 41/41 MP: 3/3
  1382 | D:2      | Reached skill level 5 in Axes
  1708 | D:3      | Reached XP level 5. HP: 47/47 MP: 4/4
  2197 | D:4      | Reached *** piety under Trog
  2294 | D:4      | Reached skill level 6 in Axes
  2314 | D:4      | Reached XP level 6. HP: 33/55 MP: 5/5
  2486 | D:4      | Noticed Robin
  2502 | D:4      | Killed Robin
  2554 | D:4      | Found a staircase to the Ecumenical Temple.
  2563 | Temple   | Entered the Ecumenical Temple
  3119 | D:5      | Entered Level 5 of the Dungeon
  3286 | D:5      | Found a glowing drain.
  3297 | Sewer    | Entered a sewer
  3542 | Sewer    | Reached skill level 5 in Fighting
  3542 | Sewer    | Reached skill level 7 in Axes
  3602 | Sewer    | Reached skill level 5 in Armour
  3602 | Sewer    | Reached XP level 7. HP: 55/61 MP: 6/6
  3633 | Sewer    | Reached **** piety under Trog
  4176 | D:5      | Found a radiant altar of Vehumet.
  4268 | D:5      | Reached skill level 8 in Axes
  4328 | D:5      | Noticed BlackAndWhite's ghost (novice HuFi)
  4353 | D:5      | Killed BlackAndWhite's ghost
  4353 | D:5      | Reached XP level 8. HP: 56/70 MP: 7/7
  5281 | D:5      | Reached skill level 9 in Axes
  5390 | D:6      | Noticed Duvessa
  5398 | D:6      | Noticed Menkaure
  5401 | D:6      | Killed Menkaure
  5409 | D:6      | Killed Duvessa
  5459 | D:6      | Noticed Dowan
  5469 | D:6      | Killed Dowan
  5552 | D:6      | Noticed Eustachio
  5645 | D:6      | Reached XP level 9. HP: 72/78 MP: 8/8
  5650 | D:6      | Reached skill level 10 in Axes
  5772 | D:6      | Reached skill level 1 in Stealth
  5906 | D:6      | Killed Eustachio
  6003 | D:6      | Found a deep blue altar of Sif Muna.
  6485 | D:7      | Found a basalt altar of Yredelemnul.
  6496 | D:7      | Reached skill level 1 in Slings
  6835 | D:7      | Reached skill level 11 in Axes
  7231 | D:7      | Reached ***** piety under Trog
  7236 | D:7      | Reached skill level 5 in Dodging
  7461 | D:7      | Found a runed door.
  7465 | D:7      | Noticed Crazy Yiuf
  7469 | D:7      | Killed Crazy Yiuf
  7564 | D:7      | Found an opulent altar of Gozag.
  8470 | D:8      | Reached XP level 10. HP: 89/89 MP: 9/9
  8472 | D:8      | Noticed Gastronok
  8506 | D:8      | Killed Gastronok
  8506 | D:8      | Reached skill level 12 in Axes
  9004 | D:8      | Reached skill level 10 in Armour
  9310 | D:8      | Noticed a two-headed ogre
  9317 | D:8      | Killed a two-headed ogre
  9569 | D:8      | Reached XP level 11. HP: 99/99 MP: 10/10
  9658 | D:9      | Reached skill level 13 in Axes
  9943 | D:9      | Found a sparkling altar of Nemelex Xobeh.
  9969 | D:9      | Noticed a two-headed ogre
  9979 | D:9      | Killed a two-headed ogre
 10383 | D:9      | Reached skill level 1 in Shields
 10857 | D:9      | Killed an unseen horror
 10857 | D:9      | Reached skill level 10 in Fighting
 10857 | D:9      | Reached skill level 5 in Slings
 11465 | D:10     | Entered Level 10 of the Dungeon
 11470 | D:10     | Received a gift from Trog
 11682 | D:10     | Noticed a two-headed ogre
 11694 | D:10     | Killed a two-headed ogre
 12678 | D:10     | HP: 6/150 [orc priest/divine providence (8)]
 13215 | D:10     | Noticed a two-headed ogre
 13227 | D:10     | Killed a two-headed ogre
 13574 | D:11     | Noticed Maurice
 13628 | D:11     | Killed Maurice
 13748 | D:11     | Noticed a two-headed ogre
 13756 | D:11     | Killed a two-headed ogre
 13846 | D:11     | Killed an unseen horror
 13863 | D:11     | Found Saloa's Weapon Shoppe.
 13872 | D:11     | Reached skill level 14 in Axes
 13975 | D:11     | Noticed a five-headed hydra
 13990 | D:11     | HP: 5/101 [five-headed hydra (12)]
 13991 | D:11     | Slain by a five-headed hydra

Skill      XL: |  1  2  3  4  5  6  7  8  9 10 11 |
---------------+----------------------------------+-----
Axes           | 4 5 6 7 8 9 11 12 14 | 14.0
Fighting       | 4 5 6 8 9 10 | 10.8
Armour         | 3 4 5 6 7 9 10 11 | 11.0
Dodging        | 3 4 5 |  5.7
Stealth        | 1 2 |  2.2
Slings         | 3 4 6 |  6.5
Shields        | 4 |  4.8
Throwing       | |  0.2

Action                   |  1- 3 |  4- 6 |  7- 9 | 10-12 || total
-------------------------+-------+-------+-------+-------++-------
Melee: Hand axe          |    59 |   193 |   204 |    23 ||   479
       Headbutt          |    11 |    31 |    52 |    74 ||   168
       War axe           |       |       |    95 |   297 ||   392
       Morningstar       |       |       |       |    11 ||    11
       Broad axe         |       |       |       |     2 ||     2
 Fire: Hunting sling     |       |       |    41 |    59 ||   100
Throw: Tomahawk          |       |       |     1 |     2 ||     3
Invok: Berserk           |     1 |       |     4 |     6 ||    11
       Burn Spellbooks   |       |       |       |     1 ||     1
  Use: Scroll            |       |     6 |     2 |     6 ||    14
       Potion            |       |       |       |     9 ||     9
  Eat: Chunk             |     1 |     9 |    10 |     3 ||    23
       Meat ration       |       |       |     2 |     1 ||     3
       Fruit             |       |       |       |     4 ||     4
       Royal jelly       |       |       |       |     2 ||     2
       Bread ration      |       |       |       |     3 ||     3
Armor: Animal skin       |     3 |       |       |       ||     3
       Scale mail        |    22 |    57 |    97 |   175 ||   351
Dodge: Dodged            |    37 |   101 |   185 |   176 ||   499
Block: Shield            |       |       |       |    16 ||    16
